 Dungeon Crawl Stone Soup version 0.28-a0-643-g84cb2ea78e (webtiles) character file.

Game seed: 10787525954389002863

1978 blank1 the Fighter (level 9, -1/81 HPs)
             Began as a Minotaur Fighter on Oct 10, 2021.
             Was a Believer of Okawaru.
             Killed from afar by Harold (21 damage)
             ... with a bolt of acid
             ... on level 7 of the Dungeon.
             The game lasted 00:11:45 (5856 turns).

blank1 the Fighter (Minotaur Fighter)               Turns: 5856, Time: 00:11:46

Health: -1/81      AC:  9    Str: 23    XL:     9   Next: 1%
Magic:  11/11      EV: 11    Int:  5    God:    Okawaru [**....]
Gold:   70         SH:  5    Dex: 11    Spells: 8/8 levels left

rFire   . . .      SeeInvis .   a - +0 war axe
rCold   . . .      Faith    .   c - +1 buckler
rNeg    + . .      Spirit   .   b - +0 scale mail
rPois   +          Reflect  .   (helmet restricted)
rElec   .          Harm     .   (no cloak)
rCorr   .          Rampage  .   y - +0 pair of gloves {archery}
Will    .....                   (no boots)
Stlth   ..........              (no amulet)
HPRegen 0.23/turn               m - ring of poison resistance
MPRegen 0.12/turn               v - ring of positive energy

@: marked
A: horns 2, retaliatory headbutt
a: Renounce Religion, Heroism


You were on level 7 of the Dungeon.
You worshipped Okawaru.
Okawaru was pleased with you.
You visited 1 branch of the dungeon, and saw 7 of its levels.

You collected 272 gold pieces.
You spent 202 gold pieces at shops.

Inventory:

Hand Weapons
 a - a +0 war axe (weapon)
Armour
 b - a +0 scale mail (worn)
 c - a +1 buckler (worn)
 y - a +0 pair of gloves of archery (worn)
Jewellery
 m - a ring of poison resistance (left hand)
 q - a ring of resist corrosion
 v - a ring of positive energy (right hand)
 w - a ring of flight
Wands
 x - a wand of digging (5)
Scrolls
 g - 2 scrolls of magic mapping {unknown}
 h - a scroll of enchant armour
 i - a scroll of silence {unknown}
 j - 2 scrolls of torment {unknown}
 r - a scroll of blinking
 s - 3 scrolls of identify
Potions
 d - a potion of might
 e - a potion of haste
 f - a potion of brilliance
 k - 2 potions of lignification
 l - a potion of mutation
 o - 3 potions of heal wounds {unknown}
 t - a potion of flight
 u - a potion of curing {unknown}


   Skills:
 + Level 8.2 Fighting
 - Level 8.0 Axes
 - Level 7.0 Armour
 - Level 4.0 Dodging
 - Level 4.0 Shields
 - Level 4.0 Invocations


You had 8 spell levels left.
You didn't know any spells.
Your spell library contained the following spells:

 Spells                   Type           Power      Damage    Failure   Level
 Magic Dart               Conj           0%         1d3       77%         1
 Searing Ray              Conj           0%         2d4       88%         2
 Ignite Poison            Fire/Tmut/Pois 0%         N/A       98%         3
 Mephitic Cloud           Conj/Pois/Air  0%         N/A       98%         3
 Fulminant Prism          Conj/Hex       0%         3d6       100%        4
 Fireball                 Conj/Fire      0%         3d3       100%        5
 Freezing Cloud           Conj/Ice/Air   0%         6-21      100%        5
 Iskenderun's Battlesphe  Conj           0%         2d6       100%        5
 Conjure Ball Lightning   Conj/Air       0%         3x3d6     100%        6
 Orb of Destruction       Conj           0%         N/A       100%        7


Dungeon Overview and Level Annotations

Branches:
Dungeon (7/15)
 Temple: D:4-7

Altars:
Nemelex Xobeh
Okawaru

Shops:
D:4 *   D:5 [*[(

Annotations:
D:7 Harold


Innate Abilities, Weirdness & Mutations

You have a pair of horns on your head.
You reflexively headbutt those who attack you in melee.


Message History

Harold points at you and mumbles some strange words.
A sentinel's mark forms upon you.
Harold zaps a wand.
The bolt of acid misses you.
Harold throws a throwing net.
The throwing net hits you.
You become entangled in the net!
You see here a throwing net.
You tear a large gash into the net.
You struggle against the net.
You rip the net and break free!
Harold zaps a wand.
The bolt of acid hits you!!
A jelly comes into view.
Harold casts a spell at you. The mark upon you grows brighter.
There is an open door here.
Harold throws a throwing net.
The throwing net hits you.
You become entangled in the net!
You see here a throwing net.
You struggle against the net.
A gnoll sergeant comes into view. It is wielding a +0 spear.
You struggle against the net.
You struggle against the net.
You struggle against the net.
Harold fires a harpoon shot at you. The harpoon shot hits you!
You are yanked forward by the harpoon shot.
The jelly misses you. Harold hits you with a +0 glaive.
A gnoll comes into view. It is wielding a +0 halberd.
Harold hits you from afar with a +0 glaive!
There is an open door here.
A gnoll comes into view. It is wielding a +0 flail.
A gnoll comes into view. It is wielding a +0 flail.
The gnoll sergeant hits you with a +0 spear!
* * * LOW HITPOINT WARNING * * *
As you read the scroll labelled WEBIUNOTYOC, it crumbles to dust.
It is a scroll of amnesia.
You feel forgetful for a moment. You block the gnoll sergeant's attack.
The jelly hits you but does no damage.
Harold zaps a wand.
The bolt of acid hits the jelly.
The jelly completely resists.
The bolt of acid hits you!!
You die...

....###+#####........
.....................#
.....................# .
.......<.......g......
................g.......
........................
................g.......
......#########g........
......#.......#.@......#
......'.......#J.......#
......#.......@........#
..... #.......#........#
.... ######'##........#
... #.......##########
.. #........# .
#........# #........#


You could see Harold, a gnoll sergeant, a jelly and 3 gnolls.

Vanquished Creatures
  A wraith (D:6)
  The ghost of Atlas the Digger, an amateur DgEE (D:4)
  An ice beast (D:6)
  3 ogres
  2 necrophages
  2 kobold brigands (D:6)
  2 bullfrogs (D:6)
  A water moccasin zombie (D:6)
  2 howler monkeys
  2 centaur zombies
  A gnoll shaman (D:5)
  3 hounds
  3 jellies
  3 bullfrog skeletons
  A centaur skeleton (D:6)
  4 iguanas (D:6)
  An orc wizard (D:5)
  A hound skeleton (D:5)
  A howler monkey zombie (D:6)
  3 gnolls (D:2)
  A howler monkey skeleton (D:6)
  9 adders
  A shadow imp (D:5)
  2 dart slugs
  8 orcs
  8 ball pythons
  15 endoplasms
  4 giant cockroaches
  6 goblins
  6 hobgoblins
  4 jackals
  4 quokkas
  3 bats
  15 frilled lizards
  17 kobolds
  6 rats
147 creatures vanquished.

Vanquished Creatures (others)
  6 plants (D:6)
6 creatures vanquished.

Grand Total: 153 creatures vanquished

Notes
Turn   | Place    | Note
-------+----------+-------------------------------------------
     0 | D:1      | blank1 the Minotaur Fighter began the quest for the Orb.
     0 | D:1      | Reached XP level 1. HP: 19/19 MP: 0/0
   126 | D:1      | Reached XP level 2. HP: 27/27 MP: 1/1
   478 | D:1      | Reached skill level 1 in Dodging
   661 | D:1      | Found a faded altar of an unknown god.
   709 | D:1      | Reached XP level 3. HP: 33/33 MP: 2/2
   951 | D:2      | Reached XP level 4. HP: 26/40 MP: 3/3
  1873 | D:3      | Reached XP level 5. HP: 47/47 MP: 4/4
  2207 | D:3      | Noticed a necrophage
  2220 | D:3      | Reached skill level 5 in Fighting
  2223 | D:3      | Reached skill level 5 in Axes
  2224 | D:3      | Killed a necrophage
  2225 | D:3      | Reached XP level 6. HP: 55/56 MP: 5/5
  2325 | D:4      | Found an iron altar of Okawaru.
  2334 | D:4      | Became a worshipper of Warmaster Okawaru
  2397 | D:4      | Found a runed translucent door.
  2399 | D:4      | Noticed Atlas's ghost (amateur DgEE)
  2403 | D:4      | Found Inocsi's Assorted Antiques.
  2464 | D:4      | Reached skill level 1 in Invocations
  2935 | D:4      | Killed Atlas's ghost
  2935 | D:4      | Reached * piety under Okawaru
  2936 | D:4      | Reached XP level 7. HP: 18/64 MP: 6/8
  3175 | D:5      | Entered Level 5 of the Dungeon
  3610 | D:5      | Found Yliwex's Weapon Shop.
  3613 | D:5      | Found Beotierph's Antique Armour Shop.
  3613 | D:5      | Found Tufeh's Assorted Antiques.
  3616 | D:5      | Found Zosmuwud's Armour Shop.
  3951 | D:5      | Reached skill level 5 in Armour
  3951 | D:5      | Reached XP level 8. HP: 68/73 MP: 9/9
  4361 | D:6      | Reached ** piety under Okawaru
  5112 | D:6      | Found a sparkling altar of Nemelex Xobeh.
  5454 | D:6      | Reached XP level 9. HP: 81/81 MP: 11/11
  5749 | D:5      | Bought a pair of runed gloves for 202 gold pieces
  5832 | D:7      | Noticed Harold
  5856 | D:7      | Killed from afar by Harold

Illustrated notes

Levels and vault maps discovered:
D:1:      minmay_arrival_glassed_features, layout_loops_ring,
          basic_ecumenical_altar
D:2:      layout_basic
D:3:      layout_rooms, amcnicky_mini_pool_small, minmay_increasing_density
D:4:      layout_cave_pools, mainiacjoe_overflow_brackets,
          ebering_ghost_sewer_d, serial_shops, nicolae_shop_waterfront
D:5:      cheibrodos_helix_gallery, layout_basic, minmay_shop_grid_forest,
          st_stairs_7
D:6:      layout_basic, nemelex_altar_shiori, minmay_lizard_king
D:7:      layout_gridville, minmay_temple_entry_statues_fountains, serial_shops,
          nicolae_lakefront_shop, uniq_harold

Skill      XL: |  1  2  3  4  5  6  7  8 |
---------------+-------------------------+-----
Dodging        | 1 2 3 4 |  4.0
Fighting       | 4 5 6 7 8 |  8.2
Armour         | 4 5 7 |  7.0
Shields        | 4 |  4.0
Axes           | 3 4 5 6 7 8 |  8.0
Invocations    | 3 4 |  4.0

Action                   |  1- 3 |  4- 6 |  7- 9 || total
-------------------------+-------+-------+-------++-------
Melee: War axe           |    62 |   128 |   158 ||   348
       Headbutt          |    10 |    18 |    26 ||    54
  Use: Scroll            |       |     5 |     6 ||    11
Armor: Scale mail        |    26 |    61 |    68 ||   155
Dodge: Dodged            |    27 |    78 |    89 ||   194
Block: Buckler           |    21 |    16 |    34 ||    71

Table legend: (Time is in decaauts)
 A = Elapsed time spent in this place.
 B = Non-inter-level travel time spent in this place.
 C = Inter-level travel time spent in this place.
 D = Time resting spent in this place.
 E = Time spent auto-exploring this place.
 F = Levels seen in this place.
 G = Mean time per level.
                   A        B        C        D        E       F      G
               +--------+--------+--------+--------+--------+-----+--------+
         Total |   5939 |   5745 |    194 |    531 |   4178 |   7 |  848.4 |
       Dungeon |   5939 |   5745 |    194 |    531 |   4178 |   7 |  848.4 |
               +--------+--------+--------+--------+--------+-----+--------+

Top non-repeatable levels by time:
     D:6: 1624 daAuts
     D:5: 1029 daAuts
     D:1: 928 daAuts
     D:4: 902 daAuts
     D:3: 711 daAuts
     D:2: 690 daAuts
     D:7: 52 daAuts
